Map: Ruins of Seras

Players

Topinho

  • Race: Terran Terran
  • League: Gold

Grumm - Winner!

  • Race: Protoss Protoss
  • League: Gold

VOD

Have the link to the VOD?

Description

Time

  • Played on: Jan. 15, 2016, 2:19 a.m.
  • Length: 18:30
Show
View Real Time Build Order
Export as new Build Order

Topinho Terran 

Build Orders:  

Get SALT Encoding   

  12  0:01  SCV  
  13  0:13  SCV  
  14  0:19  Supply Depot  
  14  0:25  SCV  
  15  0:41  SCV  
  16  0:46  Barracks  
  16  0:50  Refinery  
  16  0:53  SCV  
  17  1:05  SCV  
  18  1:17  SCV  
  19  1:26  Supply Depot  
  19  1:29  SCV  
  20  1:42  SCV  
  21  1:50  Command Center  
  21  1:54  SCV  
  22  1:58  Marine  
  23  2:06  SCV  
  24  2:16  Marine  
  24  2:18  SCV  
  26  2:27  Refinery  
  26  2:28  Factory  
  26  2:30  SCV  
  26  2:33  Marine  
  28  2:41  Supply Depot  
  28  2:48  SCV  
  29  2:51  Marine  
  29  2:57  Supply Depot  
  30  3:13  SCV  
  30  3:14  SCV  
  32  3:27  Command Center  
  32  3:32  SCV  
  32  3:33  SCV  
  34  3:35  Marine  
  35  3:44  SCV  
  35  3:45  SCV, Factory Tech Lab  
  37  3:53  Marine  
  37  3:54  Barracks  
  38  4:06  Starport, Siege Tank  
  38  4:08  SCV  
  42  4:10  SCV  
  43  4:20  Barracks Reactor  
  43  4:26  Barracks  
  43  4:30  SCV  
  45  4:36  Orbital Command  
  44  4:39  SCV  
  45  4:46  Marine  
  45  4:51  SCV  
  47  4:57  SCV  
  48  5:00  Medivac  
  48  5:03  SCV  
  51  5:09  SCV  
  51  5:12  Barracks Reactor  
  51  5:15  Barracks Reactor, SCV  
  51  5:19  Barracks  
  51  5:21  Marine x2, Siege Tank  
  57  5:39  Marine x2  
  57  5:41  Supply Depot  
  59  5:44  Supply Depot  
  59  5:50  Starport Reactor  
  59  5:53  Siege Tank  
  62  6:02  SCV  
  63  6:05  Refinery  
  63  6:06  Refinery  
  63  6:09  Refinery  
  63  6:14  SCV  
  63  6:17  Marine x5  
  63  6:18  Marine  
  70  6:21  Barracks Tech Lab  
  70  6:23  SCV  
  70  6:25  Orbital Command, Siege Tank  
  74  6:27  SCV  
  75  6:35  Marine x3, SCV  
  75  6:38  Liberator  
  79  6:44  SCV  
  79  6:45  Marine x3  
  83  6:47  SCV  
  83  6:48  Stimpack  
  83  6:52  Barracks  
  84  6:56  SCV  
  88  7:07  Refinery  
  88  7:09  Marine x2  
  88  7:10  Marine x3  
  93  7:15  Supply Depot  
  93  7:16  Supply Depot x2  
  93  7:22  Supply Depot  
  93  7:23  Supply Depot  
  93  7:32  Starport  
  93  7:37  Marine x7  
  93  7:38  Engineering Bay  
  100  7:45  Liberator  
  100  7:46  Engineering Bay  
  100  7:54  Marine x6  
  108  7:58  Marauder  
  108  8:00  Liberator  
  108  8:04  SCV  
  112  8:12  Marine x5  
  122  8:20  Marauder  
  122  8:25  Terran Infantry Weapons Level 1  
  122  8:26  Terran Infantry Armor Level 1  
  122  8:31  Marine x6  
  128  8:34  SCV  
  131  8:41  Marauder  
  131  8:49  Marine  
  115  9:11  Marine x5  
  115  9:12  Marine x2  
  116  9:29  Marine x7  
  75  9:46  Marine  
  75  9:47  Marine x6  
  82  9:54  SCV x3  
  85  10:03  Command Center  
  85  10:04  Marine  
  85  10:05  Marine x5  
  85  10:06  Marauder  
  93  10:27  Marauder  
  95  10:32  Orbital Command  
  95  10:33  Armory  
  95  10:34  Marine  
  95  10:35  Marine  
  97  10:36  Siege Tank  
  97  10:40  Viking x2  
  104  10:48  Marauder  
  106  10:52  Marine  
  106  10:57  SCV x2  
  109  11:08  Siege Tank  
  109  11:09  SCV x2  
  109  11:10  Marauder, Viking x2  
  120  11:14  Barracks Tech Lab x2  
  120  11:17  SCV  
  121  11:21  SCV x2  
  123  11:25  Refinery  
  123  11:29  SCV  
  123  11:31  Marauder  
  126  11:33  SCV x2  
  128  11:40  Medivac x2  
  128  11:42  SCV  
  128  11:44  Marauder x2  
  128  11:45  SCV x2  
  129  11:53  Marauder  
  131  12:03  Orbital Command  
  131  12:05  Marauder x2, SCV x3  
  138  12:10  Viking x2  
  138  12:14  Marauder  
  144  12:17  SCV x2  
  144  12:18  SCV  
  147  12:26  Barracks Tech Lab  
  147  12:28  Concussive Shells  
  147  12:29  SCV  
  148  12:33  Supply Depot  
  148  12:34  Supply Depot  
  148  12:35  Supply Depot  
  148  12:49  Marine x2, SCV  
  147  12:52  Siege Tank  
  147  12:53  Marauder  
  147  12:55  Marauder x2  
  147  12:56  Supply Depot  
  136  12:58  Supply Depot  
  133  13:07  Marine x2  
  133  13:10  Viking x2  
  139  13:14  Marauder  
  139  13:16  Marauder x2, Marine  
  139  13:19  SCV x2  
  149  13:20  SCV  
  149  13:25  Marine x2  
  151  13:31  SCV  
  151  13:32  SCV x2  
  151  13:34  Marine  
  151  13:36  Marauder  
  151  13:38  Marauder x2  
  151  13:40  Viking x2  
  149  13:43  Marine  
  128  13:57  Marauder  
  128  13:58  Marauder, Marine  
  128  13:59  Marauder x2  
  128  14:00  Marine, Siege Tank  
  137  14:10  Viking x2  
  137  14:16  Marine  
  142  14:18  Marauder, Marine  
  142  14:19  Marauder  
  142  14:20  Marauder  
  142  14:21  Orbital Command, Marauder  
  142  14:23  Combat Shields  
  151  14:24  Terran Infantry Weapons Level 2  
  151  14:26  Terran Infantry Armor Level 2  
  151  14:32  Siege Tank  
  151  14:34  Marine  
  151  14:36  Marine  
  156  14:40  Starport x2, Viking x2, Marauder  
  156  14:41  Marauder  
  156  14:42  Starport, Marauder x2  
  156  14:44  Terran Vehicle And Ship Armor Level 1  
  168  14:52  Marine  
  169  15:01  Marauder, Marine  
  169  15:02  Marauder  
  169  15:03  Marauder, Marine  
  169  15:04  Siege Tank  
  180  15:10  Viking x2, Marine  
  180  15:12  Factory x2  
  180  15:13  Factory  
  185  15:19  Marine  
  188  15:21  Marauder  
  188  15:24  Refinery  
  188  15:25  Refinery  
  188  15:41  Marauder, Marine  
  188  15:42  Marauder x2, Siege Tank  
  188  15:44  Marauder  
  188  15:46  Marine  
  146  15:59  Viking x3, Marine  
  146  16:00  Viking x2  
  146  16:03  Marauder x3  
  157  16:04  Marine  
  157  16:05  Marauder  
  156  16:17  Marine  
  158  16:22  Marine  
  158  16:24  Marauder x2  
  158  16:25  Marauder  
  157  16:27  Marauder  
  157  16:29  Viking x3  
  157  16:30  Viking x2  
  149  16:34  Marine  
  149  16:36  Factory Tech Lab x2  
  149  16:38  Thor  
  153  16:40  Marine  
  153  16:45  Marauder  
  153  16:46  Marauder x2  
  160  16:48  Marauder  
  160  16:49  Refinery  
  160  16:52  Marine  
  163  16:57  Marine  
  163  16:59  Viking x4  
  172  17:06  Marine  
  164  17:10  Viking  
  155  17:21  Thor  
  144  17:26  Marine x3  
  144  17:27  Marauder x3  
  144  17:29  Viking x4  
  140  17:36  Orbital Command  
  94  17:44  Marine x2  
  94  17:45  Marauder  
  94  17:48  Marauder, Marine, Viking  
  89  18:00  Viking  
  89  18:02  Marine x2  
  92  18:06  Marauder, Marine  
Show
View Real Time Build Order
Export as new Build Order

Grumm Protoss - Winner!

Build Orders: 1 Gate Expand, Colossus Rush 

Get SALT Encoding   

  12  0:01  Probe (Chrono Boost)  
  13  0:11  Probe (Chrono Boost)  
  14  0:19  Pylon  
  14  0:22  Probe (Chrono Boost)  
  15  0:37  Probe (Chrono Boost)  
  15  0:39  Gateway  
  16  0:48  Probe (Chrono Boost)  
  17  0:52  Assimilator  
  17  0:58  Probe (Chrono Boost)  
  18  1:20  Nexus  
  18  1:33  Probe (Chrono Boost)  
  18  1:38  Cybernetics Core  
  19  1:43  Probe (Chrono Boost)  
  20  1:50  Pylon  
  21  1:54  Probe (Chrono Boost)  
  21  2:02  Assimilator  
  21  2:04  Probe (Chrono Boost)  
  22  2:14  Pylon, Warp Gate (Chrono Boost)  
  22  2:27  Gateway  
  22  2:32  Probe x2  
  24  2:42  Mothership Core  
  24  2:46  Probe  
  24  2:50  Stalker  
  29  2:58  Probe  
  30  3:01  Probe  
  31  3:07  Forge  
  31  3:10  Probe  
  31  3:12  Probe  
  31  3:19  Pylon  
  32  3:22  Probe x2  
  34  3:33  Assimilator, Probe  
  34  3:34  Probe  
  34  3:39  Assimilator  
  36  3:48  Robotics Facility  
  36  3:54  Probe  
  37  3:58  Protoss Ground Weapons Level 1 (Chrono Boost)  
  37  4:00  Probe  
  38  4:06  Probe  
  39  4:10  Photon Cannon  
  39  4:12  Photon Cannon  
  39  4:18  Photon Cannon  
  39  4:19  Probe  
  40  4:26  Stalker  
  40  4:28  Sentry  
  44  4:32  Probe  
  45  4:42  Probe  
  45  4:44  Probe  
  47  4:54  Probe  
  48  5:03  Probe  
  49  5:08  Robotics Bay  
  49  5:09  Pylon, Immortal  
  49  5:11  Probe  
  54  5:15  Probe  
  55  5:23  Probe  
  55  5:27  Probe  
  57  5:39  Probe x2  
  57  5:40  Nexus  
  57  5:41  Pylon  
  59  5:51  Stargate, Probe  
  59  5:54  Photon Cannon  
  59  5:56  Colossus (Chrono Boost)  
  66  6:05  Probe  
  67  6:12  Pylon  
  67  6:13  Gateway  
  67  6:19  Gateway  
  67  6:21  Gateway  
  67  6:23  Gateway  
  67  6:27  Probe  
  68  6:37  Extended Thermal Lance (Chrono Boost)  
  68  6:40  Void Ray  
  68  6:46  Stargate  
  72  6:49  Pylon  
  72  6:53  Assimilator  
  72  6:55  Probe  
  72  7:00  Probe  
  73  7:01  Assimilator, Probe  
  73  7:05  Stalker  
  73  7:06  Zealot  
  79  7:09  Protoss Ground Armor Level 1  
  79  7:13  Photon Cannon  
  79  7:21  Zealot  
  81  7:38  Colossus  
  81  7:40  Fleet Beacon  
  87  7:48  Zealot  
  87  7:49  Zealot x2  
  93  7:51  Adept  
  93  7:56  Probe  
  93  7:57  Probe  
  93  7:58  Probe  
  98  8:07  Probe  
  98  8:10  Probe  
  98  8:12  Probe  
  101  8:23  Protoss Air Weapons Level 1 (Chrono Boost)  
  101  8:24  Nexus  
  101  8:27  Tempest (Chrono Boost)  
  101  8:28  Pylon  
  101  8:30  Pylon  
  105  8:38  Tempest (Chrono Boost)  
  109  8:47  Zealot  
  109  8:48  Zealot  
  113  8:49  Zealot  
  85  9:38  Zealot x4  
  83  9:39  Zealot  
  85  9:46  Colossus, Tempest (Chrono Boost)  
  85  9:47  Tempest (Chrono Boost)  
  99  9:54  Zealot  
  101  10:00  Stalker x5  
  101  10:05  Probe  
  101  10:06  Probe  
  101  10:07  Probe x2  
  114  10:09  Assimilator  
  114  10:14  Assimilator  
  115  10:18  Photon Cannon  
  115  10:21  Pylon  
  115  10:22  Photon Cannon  
  115  10:25  Forge  
  115  10:26  Photon Cannon  
  115  10:36  Tempest x2 (Chrono Boost)  
  115  10:42  Observer  
  124  10:55  Pylon  
  123  11:07  Zealot x2  
  123  11:08  Zealot x4  
  135  11:23  Pylon  
  135  11:27  Tempest x2 (Chrono Boost)  
  135  11:29  Protoss Shields Level 1  
  135  11:32  Twilight Council  
  143  11:34  Pylon, Probe  
  143  11:35  Probe x2  
  143  11:36  Pylon  
  146  11:59  Stalker x4  
  146  12:00  Stalker x2  
  158  12:02  Probe  
  158  12:04  Protoss Air Weapons Level 2  
  159  12:22  Observer  
  160  12:34  Robotics Facility  
  160  12:37  Pylon  
  160  12:40  Pylon  
  128  13:01  Zealot x2  
  128  13:02  Zealot x4  
  125  13:12  Tempest (Chrono Boost)  
  125  13:18  Colossus (Chrono Boost)  
  135  13:21  Colossus (Chrono Boost)  
  135  13:23  Zealot x2  
  135  13:24  Zealot x3  
  135  13:25  Zealot  
  139  13:57  Templar Archives  
  139  14:00  Gateway  
  139  14:01  Gateway, Probe  
  139  14:02  Probe x3  
  143  14:05  Dark Shrine  
  143  14:06  Pylon  
  141  14:16  Protoss Ground Weapons Level 2 (Chrono Boost)  
  141  14:19  Void Ray  
  141  14:20  Protoss Air Armor Level 1  
  141  14:22  Protoss Ground Armor Level 2 (Chrono Boost)  
  141  14:25  Void Ray  
  141  14:28  Colossus  
  141  14:29  Colossus  
  161  14:32  Probe  
  162  14:39  Nexus  
  162  14:40  Pylon  
  162  14:52  High Templar x2  
  166  14:53  High Templar x4  
  174  15:03  Archon x2  
  174  15:04  Archon  
  174  15:06  Zealot  
  174  15:07  Stalker  
  178  15:13  Void Ray  
  178  15:19  Void Ray  
  186  15:42  Colossus  
  186  15:43  Colossus  
  160  15:50  Void Ray  
  152  16:07  Stalker x2  
  152  16:08  Stalker x6  
  168  16:19  Probe x2  
  168  16:20  Probe  
  168  16:21  Probe  
  168  16:24  Pylon  
  170  16:26  Photon Cannon  
  170  16:27  Photon Cannon  
  166  16:33  Zealot  
  166  16:34  Void Ray, Zealot x6  
  166  16:35  Zealot  
  190  16:40  Void Ray, Immortal x2  
  198  16:51  Pylon  
  166  17:32  Stalker x3  
  166  17:33  Stalker x5  
  170  18:21  Zealot  
  170  18:22  Zealot x6  
  170  18:23  Zealot  
Tags
 
Add a new tag
Caveats
  • Supply blocks, unpowered buildings, or Contaminate may cause inaccurate times.
  • Supply counts are checked every 10 seconds.